 Dungeon Crawl Stone Soup version 0.27-a0-1119-gbf574a6a6b (webtiles) character file.

Game seed: 3116865680546236564

58 Zeld the Shield-Bearer (level 4, -4/32 HPs)
             Began as an Octopode Fighter on May 3, 2021.
             Slain by a gnoll
             ... wielding a +0 spear
              (9 damage)
             ... on level 2 of the Dungeon.
             The game lasted 00:01:53 (1463 turns).

Zeld the Shield-Bearer (Octopode Fighter)           Turns: 1463, Time: 00:01:53

Health: -4/32      AC:  1    Str: 16    XL:     4   Next: 2%
Magic:  4/4        EV: 11    Int: 10    God:
Gold:   13         SH:  9    Dex: 11    Spells: 3/3 levels left

rFire    . . .     SeeInvis .   a - +0 war axe
rCold    . . .     Faith    .   b - +0 kite shield
rNeg     . . .     Spirit   .   (helmet restricted)
rPois    .         Reflect  .   (no amulet)
rElec    .         Harm     .   (no ring)
rCorr    .         Rampage  .   (no ring)
Will     .....                  (no ring)
Stlth    ++........             (no ring)
HPRegen  0.10/turn              (no ring)
MPRegen  0.09/turn              (no ring)
                                (no ring)
                                (no ring)

@: no status effects
A: almost no armour, amphibious, 8 rings, camouflage 1, gelatinous body 1,
(nimble swimmer 1), tentacles
a: no special abilities


You were on level 2 of the Dungeon.
You visited 1 branch of the dungeon, and saw 2 of its levels.

You collected 13 gold pieces.

Inventory:

Hand Weapons
 a - a +0 war axe (weapon)
Armour
 b - a +0 kite shield (worn)
Scrolls
 d - a scroll of identify {unknown}
 e - 2 scrolls of noise {unknown}
 h - a scroll of immolation {unknown}
 j - a scroll of blinking {unknown}
Potions
 c - a potion of might
 f - a potion of flight {unknown}
 g - a potion of invisibility {unknown}
 i - a potion of heal wounds {unknown}


   Skills:
 * Level 3.6 Fighting
 * Level 2.9 Axes
 - Level 3.0 Dodging
 * Level 3.6 Shields


You had 3 spell levels left.
You didn't know any spells.
Your spell library was empty.

Dungeon Overview and Level Annotations

Branches:
Dungeon (2/15)

Altars:
Yredelemnul

Shops:
D:1 (


Innate Abilities, Weirdness & Mutations

You cannot wear most types of armour.
You are amphibious.
You can wear up to eight rings at the same time.
Your skin changes colour to match your surroundings (Stealth+).
Your rubbery body absorbs attacks. (AC +1, EV +1)
((You are camouflaged near water. (Stealth+)))
You have tentacles for arms and can constrict up to eight enemies at once.


Message History

A gnoll shaman is nearby!
A gnoll shaman is nearby!
A gnoll shaman is nearby!
You open the door.
You start resting.
A gnoll comes into view. It is wielding a +0 whip.
A gnoll is nearby!
A gnoll is nearby!
A gnoll is nearby!
There is an open door here.
You start resting.
A gnoll shaman is nearby!
A gnoll shaman is nearby!
A gnoll shaman is nearby!
The gnoll shouts!
A gnoll is nearby!
A gnoll is nearby!
A gnoll is nearby!
A gnoll comes into view. It is wielding a +0 spear.
You closely miss the gnoll. You grab the gnoll. You constrict the gnoll.
The gnoll hits you with a +0 whip. You block the gnoll's attack.
You hit the gnoll.
The gnoll is severely wounded.
You constrict the gnoll.
You kill the gnoll!
The gnoll completely misses you.
You have reached level 4!
There is an open door here.
There is an open door here.
The gnoll shaman calls down the wrath of its god upon you.
You resist with some effort.
The gnoll shaman calls upon its god to speed up the gnoll.
The gnoll seems to speed up.
The gnoll barely misses you.
The gnoll hits you from afar with a +0 spear.
The gnoll hits you from afar with a +0 spear!
The gnoll hits you from afar with a +0 spear!
* * * LOW HITPOINT WARNING * * *
The gnoll hits you from afar with a +0 spear!
You die...

.....###........####.......##....
.....#..............#####..##....
.....'..............# #........
.....#..............######'##+##.
.....#..............#............
.....#...#+##g...##.#.###........
.....#.###.##.g..##+#+###........
.....#.# #.......#.......######<#
....#).###......@#.......# #.#
....#...†........#.......# #.#
...##..##..#........#+#########.#
#..#...#.....................
#..#...#....................#
#..#.....#+#....#.###........
#..##..#.# #....#.# #.#.##.##
#..##..... #....#.# #.#.##.#
#..##..#^######.#.# #.#.##.##


You could see a gnoll shaman and a gnoll (fast).

Vanquished Creatures
  2 gnolls (D:2)
  A dart slug (D:2)
  2 ball pythons
  5 bats
  6 endoplasms
  A giant cockroach (D:1)
  3 goblins
  A hobgoblin (D:1)
  4 jackals
  A kobold (D:1)
  A quokka (D:1)
  4 frilled lizards (D:1)
  2 rats (D:1)
33 creatures vanquished.

Notes
Turn   | Place    | Note
-------+----------+-------------------------------------------
     0 | D:1      | Zeld the Octopode Fighter began the quest for the Orb.
     0 | D:1      | Reached XP level 1. HP: 16/16 MP: 1/1
     3 | D:1      | Found Rill's Antique Weapon Shop.
   170 | D:1      | Reached XP level 2. HP: 21/21 MP: 2/2
  1017 | D:1      | Reached XP level 3. HP: 20/26 MP: 3/3
  1334 | D:2      | Found a basalt altar of Yredelemnul.
  1440 | D:2      | Reached XP level 4. HP: 23/32 MP: 4/4
  1463 | D:2      | Slain by a gnoll

Illustrated notes

Levels and vault maps discovered:
D:1:      onia_arrival_pyramid, layout_basic, serial_shops, shop,
          feat_on_display
D:2:      layout_basic, basic_altar, serial_shops, shop_statue, shop_statue

Action                   |  1- 3 |  4- 6 || total
-------------------------+-------+-------++-------
Melee: War axe           |    50 |       ||    50
       Constrict         |    11 |       ||    11
       Tentacles         |     7 |       ||     7
 Stab: Sleeping          |    12 |       ||    12
Armor: Skin              |     5 |       ||     5
Dodge: Dodged            |    17 |     1 ||    18
Block: Kite shield       |    18 |       ||    18

Table legend: (Time is in decaauts)
 A = Elapsed time spent in this place.
 B = Non-inter-level travel time spent in this place.
 C = Inter-level travel time spent in this place.
 D = Time resting spent in this place.
 E = Time spent auto-exploring this place.
 F = Levels seen in this place.
 G = Mean time per level.
                   A        B        C        D        E       F      G
               +--------+--------+--------+--------+--------+-----+--------+
         Total |   1493 |   1478 |     15 |     29 |   1191 |   2 |  746.5 |
       Dungeon |   1493 |   1478 |     15 |     29 |   1191 |   2 |  746.5 |
               +--------+--------+--------+--------+--------+-----+--------+

Top non-repeatable levels by time:
     D:1: 1133 daAuts
     D:2: 359 daAuts
